 Dungeon Crawl Stone Soup version 0.28.0 (webtiles) character file.

Game seed: 7840256066847415337

9289 HallandMoats the Demonic Disaster (level 11, -3/87 HPs)
             Began as a Demonspawn Fighter on Feb 6, 2022.
             Was a Believer of Qazlal.
             Slain by Snorg (9 damage)
             ... on level 10 of the Dungeon.
             The game lasted 00:17:07 (13072 turns).

HallandMoats the Demonic Disaster (DsFi)           Turns: 13072, Time: 00:17:08

Health: -3/87      AC:  7    Str: 25    XL:     11   Next: 21%
Magic:  19/19      EV: 15    Int: 15    God:    Qazlal [**....]
Gold:   522        SH: 15    Dex: 20    Spells: 10/10 levels left

rFire   + . .      SeeInvis .   a - +2 trident (vorpal)
rCold   . . .      Faith    .   c - +1 buckler
rNeg    . . .      Spirit   .   A - +0 steam dragon scales
rPois   .          Reflect  +   (helmet restricted)
rElec   .          Harm     .   (no cloak)
rCorr   .          Rampage  .   z - +0 pair of gloves
Will    .....                   (no boots)
Stlth   +.........              j - amulet of reflection
HPRegen 0.24/turn               v - ring "Dischuf" {rF+ Str+5 Stlth-}
MPRegen 0.16/turn               y - +6 ring of dexterity

@: mighty
A: horns 2, ignite blood 1, spiny 2, big brain 3
a: Renounce Religion, Upheaval


You were on level 10 of the Dungeon.
You worshipped Qazlal.
Qazlal was pleased with you.
You visited 2 branches of the dungeon, and saw 12 of its levels.
You also visited: Ossuary.

You collected 626 gold pieces.
You spent 104 gold pieces at shops.

Inventory:

Hand Weapons
 a - a +2 vorpal trident (weapon)
 B - a +3 spear
Armour
 c - a +1 buckler (worn)
 z - a +0 pair of gloves (worn)
 A - +0 steam dragon scales (worn)
Jewellery
 j - an amulet of reflection (around neck)
 s - a ring of magical power
 v - the ring "Dischuf" (left hand) {rF+ Str+5 Stlth-}
   (You found it on level 5 of the Dungeon)

   [ring of protection from fire]

   Str:       It affects your strength (+5).
   rF:        It protects you from fire.
   Stlth:     It makes you less stealthy.
 y - a +6 ring of dexterity (right hand)
 E - a ring of protection from fire
Wands
 b - a wand of polymorph (8)
 f - a wand of digging (1)
 D - a wand of paralysis (6)
Scrolls
 e - 5 scrolls of enchant armour
 g - 4 scrolls of teleportation
 n - a scroll of fear
 t - 5 scrolls of fog
 u - 2 scrolls of immolation
 w - 3 scrolls of magic mapping
 C - a scroll of amnesia
Potions
 d - a potion of magic {unknown}
 h - 5 potions of brilliance
 i - 3 potions of cancellation
 k - a potion of resistance {unknown}
 l - a potion of berserk rage {unknown}
 o - 3 potions of flight
 p - a potion of degeneration {unknown}
 r - 2 potions of curing


   Skills:
 * Level 8.9 Fighting
 * Level 7.8 Polearms
 + Level 6.0 Armour
 + Level 5.2 Dodging
 + Level 6.0 Shields
 * Level 10.8 Invocations


You had 10 spell levels left.
You didn't know any spells.
Your spell library contained the following spells:

 Spells                   Type           Power      Damage    Failure   Level
 Apportation              Tloc           0%         N/A       14%         1
 Conjure Flame            Conj/Fire      0%         6-21      38%         3
 Gell's Gravitas          Tloc           0%         N/A       38%         3
 Ignite Poison            Fire/Tmut/Pois 0%         N/A       38%         3
 Lesser Beckoning         Tloc           0%         N/A       38%         3
 Teleport Other           Tloc           0%         N/A       38%         3
 Sticky Flame             Conj/Fire      0%         2d3       77%         4
 Alistair's Intoxication  Tmut/Pois      0%         N/A       97%         5
 Dispersal                Tloc           0%         N/A       100%        6


Dungeon Overview and Level Annotations

Branches:
Dungeon (11/15)            Temple (1/1) D:7             Orc (0/2) D:9
Ossuary (visited)
   Lair: D:8-11

Altars:
Ashenzari
Cheibriados
Dithmenos
Elyvilon
Fedhas
Gozag
Hepliaklqana
Kikubaaqudgha
Makhleb
Nemelex Xobeh
Okawaru
Qazlal
Ru
Sif Muna
Trog
Uskayaw
Vehumet
Wu Jian
Xom
Yredelemnul
Zin
The Shining One

Shops:
D:3 !

Annotations:
D:10 1 runed translucent door, Snorg
D:11 1 transporter, willcat's ghost, journeyman OpDe


Innate Abilities, Weirdness & Mutations

You have a pair of horns on your head.
Your demonic aura sometimes causes spilled blood to erupt in flames.
You are mostly covered in sharp spines.
You have an absolutely massive brain. (Int +6, Wiz)


Message History

* * * LOW HITPOINT WARNING * * *
You block Snorg's attack.
Unknown command.
Okay, then.
You feel much better.
Snorg is engulfed in blazing flames.
You block Snorg's attack. Snorg closely misses you. x2
Snorg is engulfed in blazing flames.
Snorg bites you! Snorg claws you! x2
* * * LOW HITPOINT WARNING * * *
Snorg is engulfed in blazing flames.
Snorg is struck by your spines. Snorg misses you. Snorg barely misses you.
Snorg claws you!
* * * LOW HITPOINT WARNING * * *
You feel better. You block Snorg's attack. Snorg claws you!
* * * LOW HITPOINT WARNING * * *
You block Snorg's attack.
Okay, then.
Aiming: Upheaval
Press: ? - help, Dir - move target, f - Snorg
Aim: Snorg (severely wounded, berserk) That beam is likely to hit you.
Continue anyway?
Okay, then.
Unknown command.
Unknown command.
Unknown command.
Okay, then.
Unknown command.
Unknown command.
You can't see any enemies this would affect, really read the scroll of fear?
Okay, then.
Unknown command.
Unknown command.
Unknown command.
Unknown command.
Unknown command.
Reach: a) +2 trident (vorpal)
Press: ? - help, Dir - move target, f/p - Snorg
Aim: Snorg (severely wounded, berserk, about 30% to evade your +2 vorpal trident)
You barely miss Snorg. You headbutt Snorg!!
Snorg is almost dead.
Snorg bites you!
You die...

######..# #.)########## #..# #..#
#..# #..#
######..#############.(##########
........................|........
.................................
########.........>...............
#.........................
########........@T......(........
.................○.....).........
.......#############.............
######.#...........#.............
#.'...........#####.#####..#
###...........# #..# #..#
#...#####...######'## #..#
########...# #.........[.###...
.......#...# #...........#.....


You could see Snorg (berserk).

Vanquished Creatures
  4 two-headed ogres
  Joseph (D:8)
  A gargoyle (D:10)
  Maggie (D:8)
  A meliai zombie (D:11)
  A shadow (D:10)
  6 yaks
  2 steam dragons
  2 water moccasins
  Duvessa (D:7)
  2 black bears
  3 orc warriors
  An ice beast (D:7)
  An ogre (D:7)
  7 centaurs
  2 elf zombies (Ossuary)
  2 bullfrogs
  2 gnoll sergeants
  A scorpion (D:6)
  A water moccasin skeleton (D:4)
  Dowan (D:7)
  16 killer bees
  11 wights
  3 howler monkeys (D:10)
  6 centaur zombies
  A bullfrog zombie (D:5)
  A hound (D:5)
  3 jellies
  4 human zombies (Ossuary)
  5 orc priests
  2 bullfrog skeletons (D:5)
  3 iguanas (D:4)
  6 orc wizards
  A hound zombie (D:5)
  2 hound skeletons
  3 mummies
  A howler monkey zombie (D:9)
  14 gnolls
  7 adders
  A river rat (D:5)
  A shadow imp (D:8)
  A white imp (D:7)
  An ufetubus (D:5)
  2 worms
  11 orcs
  10 ball pythons
  5 bats
  10 endoplasms
  4 giant cockroaches
  8 goblins
  9 hobgoblins
  3 quokkas
  A frilled lizard (D:2)
  11 hobgoblin zombies (Ossuary)
  6 kobolds
  6 kobold zombies (Ossuary)
  13 orc zombies
  9 rats
  A rat zombie (Ossuary)
245 creatures vanquished.

Vanquished Creatures (others)
  A wight (D:8)
  A gnoll shaman (D:9)
  A gnoll (D:9)
3 creatures vanquished.

Grand Total: 248 creatures vanquished

Notes
Turn   | Place    | Note
-------+----------+-------------------------------------------
     0 | D:1      | HallandMoats the Demonspawn Fighter began the quest for the
                  | Orb.
     0 | D:1      | Reached XP level 1. HP: 18/18 MP: 1/1
   291 | D:1      | Gained mutation: You are partially covered in sharp spines.
                  | [demonic ancestry]
   291 | D:1      | Reached XP level 2. HP: 24/24 MP: 2/2
   339 | D:1      | Reached skill level 1 in Invocations
   660 | D:1      | Found a faded altar of an unknown god.
   834 | D:1      | Gained mutation: You are mostly covered in sharp spines.
                  | [demonic ancestry]
   834 | D:1      | Reached XP level 3. HP: 29/29 MP: 4/4
  1427 | D:2      | Reached skill level 2 in Invocations
  1496 | D:2      | Gained mutation: You have a pair of small horns on your
                  | head. [demonic ancestry]
  1496 | D:2      | Reached XP level 4. HP: 35/35 MP: 5/5
  2230 | D:3      | Found Zikh's Distillery.
  2239 | D:3      | Bought a potion of heal wounds for 65 gold pieces
  2239 | D:3      | Bought a potion of curing for 39 gold pieces
  2400 | D:4      | Reached skill level 1 in Dodging
  2514 | D:4      | Gained mutation: Your demonic aura sometimes causes spilled
                  | blood to erupt in flames. [demonic ancestry]
  2514 | D:4      | Reached XP level 5. HP: 42/42 MP: 7/7
  2552 | D:4      | Reached skill level 3 in Invocations
  3165 | D:5      | Entered Level 5 of the Dungeon
  3180 | D:5      | Gained mutation: You have a pair of horns on your head.
                  | [demonic ancestry]
  3180 | D:5      | Reached XP level 6. HP: 46/48 MP: 8/8
  3234 | D:5      | Noticed a water moccasin
  3242 | D:5      | Killed a water moccasin
  3243 | D:5      | Reached skill level 4 in Invocations
  3433 | D:5      | Found a glowing drain.
  3676 | D:5      | Reached XP level 7. HP: 54/55 MP: 10/10
  3726 | D:5      | Identified the ring "Dischuf" {rF+ Str+5 Stlth-}
  4379 | D:6      | Found a sand-covered staircase.
  4391 | Ossuary  | Entered an ossuary
  4511 | Ossuary  | Reached skill level 5 in Fighting
  4511 | Ossuary  | Reached skill level 5 in Invocations
  4838 | Ossuary  | Gained mutation: You have an unusually large brain. (Int
                  | +2) [demonic ancestry]
  4838 | Ossuary  | Reached XP level 8. HP: 39/62 MP: 12/12
  5510 | D:6      | Reached skill level 6 in Invocations
  6142 | D:7      | Found a staircase to the Ecumenical Temple.
  6304 | Temple   | Entered the Ecumenical Temple
  6599 | Temple   | Became a worshipper of Qazlal Stormbringer
  6652 | D:7      | Reached skill level 5 in Polearms
  6803 | D:7      | Noticed Duvessa
  6804 | D:7      | Noticed Dowan
  6818 | D:7      | Killed Duvessa
  6819 | D:7      | Killed Dowan
  6820 | D:7      | Reached skill level 7 in Invocations
  7477 | D:7      | Gained mutation: You have an extremely huge brain. (Int +4)
                  | [demonic ancestry]
  7477 | D:7      | Reached XP level 9. HP: 48/70 MP: 14/14
  8038 | D:8      | Noticed Joseph
  8047 | D:8      | Killed Joseph
  8047 | D:8      | Reached * piety under Qazlal
  8048 | D:8      | Reached skill level 8 in Invocations
  8185 | D:8      | Noticed a two-headed ogre
  8188 | D:8      | Noticed Maggie
  8193 | D:8      | Killed a two-headed ogre
  8194 | D:8      | Reached skill level 5 in Armour
  8194 | D:8      | Reached skill level 5 in Shields
  8204 | D:8      | Killed Maggie
  8205 | D:8      | Gained mutation: You have an absolutely massive brain. (Int
                  | +6, Wiz) [demonic ancestry]
  8205 | D:8      | Reached XP level 10. HP: 39/79 MP: 16/16
  8734 | D:8      | Reached skill level 9 in Invocations
  9534 | D:9      | Noticed a two-headed ogre
 10103 | D:7      | Killed a two-headed ogre
 10149 | D:9      | Found a staircase to the Orcish Mines.
 10457 | D:9      | Noticed a two-headed ogre
 10462 | D:9      | Killed a two-headed ogre
 10463 | D:9      | Reached skill level 10 in Invocations
 10581 | D:9      | Reached ** piety under Qazlal
 11155 | D:9      | Reached skill level 5 in Dodging
 11379 | D:10     | Entered Level 10 of the Dungeon
 11423 | D:10     | Noticed a gargoyle
 11432 | D:10     | Killed a gargoyle
 11627 | D:10     | Reached XP level 11. HP: 87/87 MP: 18/18
 11705 | D:10     | Noticed a two-headed ogre
 11711 | D:10     | Killed a two-headed ogre
 11989 | D:10     | Found a radiant altar of Vehumet.
 12693 | D:10     | Found a runed translucent door.
 12693 | D:10     | Noticed a boulder beetle
 12701 | D:10     | Noticed a deep troll
 13020 | D:11     | Found a transporter.
 13031 | D:11     | Noticed willcat's ghost (journeyman OpDe)
 13046 | D:11     | Noticed Snorg
 13072 | D:10     | Slain by Snorg

Illustrated notes

Levels and vault maps discovered:
D:1:      elethiomel_arrival_infinity_welcomes_careful_drivers, layout_basic,
          dilly_ecumenical_altar_fadedgnrine, kennysheep_minor_cross
D:2:      minmay_skewed_foursquare, layout_basic
D:3:      layout_basic, serial_shops, nicolae_shop_trees
D:4:      nicolae_BIG_FREAKIN_CUBE, layout_rooms
D:5:      layout_basic, serial_undead, serial_undead_b, serial_undead_f,
          serial_undead_c, serial_undead_c, portal_sewer_entry_c,
          kennysheep_pointless_box
D:6:      layout_basic, nicolae_ossuary_entry_giza
D:7:      layout_basic, minmay_temple_entry_fiery, minmay_misc_feat_plants,
          uniq_duvessa
D:8:      layout_cave_pods, grunt_tough_drop, uniq_joseph, uniq_maggie
D:9:      layout_cave_pools, david_orc_2
D:10:     kennysheep_blocky_hall, layout_long_grid, old_standard_altar,
          minivault_13
D:11:     layout_rooms, minmay_lair_entry_grove, gammafunk_ghost_stat_death,
          nicolae_ru_great_annihilating_truth, uniq_fannar, uniq_maurice,
          uniq_snorg, uniq_nergalle
Temple:   mainiacjoe_temple_circle_huts

Skill      XL: |  1  2  3  4  5  6  7  8  9 10 11 |
---------------+----------------------------------+-----
Polearms       | 2 3 4 5 6 7 |  7.8
Invocations    | 1 2 3 4 5 7 8 10 | 10.8
Shields        | 3 4 5 6 |  6.0
Armour         | 3 4 5 6 |  6.0
Dodging        | 1 2 3 4 5 |  5.2
Fighting       | 4 5 6 7 8 |  8.9

Action                   |  1- 3 |  4- 6 |  7- 9 | 10-12 || total
-------------------------+-------+-------+-------+-------++-------
Melee: Trident           |    77 |    97 |   292 |   224 ||   690
       Headbutt          |       |    15 |    62 |    28 ||   105
Evoke: Wand              |       |       |       |     1 ||     1
  Use: Potion            |       |     2 |       |     4 ||     6
       Scroll            |       |       |    13 |     7 ||    20
 Stab: Confused          |       |       |     3 |       ||     3
Armor: Scale mail        |    22 |    31 |    79 |       ||   132
       Steam dragon scal |       |       |       |    12 ||    12
Dodge: Dodged            |    14 |    23 |    68 |   112 ||   217
Block: Buckler           |     9 |    15 |   142 |   198 ||   364
       Reflection        |       |       |     9 |    13 ||    22
